[Event "13th Chennai Open 2022"]
[Site "Chennai"]
[Date "2022.06.26"]
[Round "10.15"]
[White "Srijit Paul"]
[Black "Sarthak Rawat"]
[Result "1-0"]
[ECO "B36"]
[WhiteElo "2399"]
[BlackElo "1798"]
[Annotator "TA"]
[PlyCount "73"]
[EventDate "2022.06.19"]
[EventType "swiss"]
[EventCountry "IND"]
[SourceTitle "playchess.com"]
[Source "ChessBase"]
[SourceQuality "1"]
[TimeControl "5400+30"]

1. e4 c5 2. Nf3 Nc6 3. d4 cxd4 4. Nxd4 g6 5. c4 Nf6 6. Nc3 Nxd4 7. Qxd4 d6 8. Be3 Bg7 9. Qd2 O-O 10. f3 Be6 11. Rc1 Qa5 12. Nd5 Qxd2+ 13. Kxd2 Bxd5 {[%emt 0:00:32] B36: Sicilian: Maroczy Bind: Gurgenidze System.} 14. cxd5 Rfc8 15. Rxc8+ Rxc8 {[%emt 0:00:03] White is better.} 16. g3 (16. Bxa7 $6 Ra8 17. Be3 Rxa2 $11) 16... Nd7 17. Bh3 Rc7 18. Bxd7 (18. Bxa7 $6 b6 19. Bxd7 Rxa7 $15) 18... Rxd7 $16 {[%emt 0:00:04][%mdl 4096] Endgame KRB-KRB} 19. b3 (19. Bxa7 b6 20. Bxb6 Rb7 $14) 19... a6 20. Rc1 {[%emt 0:00:06] Inhibits Rc7. Threatening mate with Rc8+.} f5 {[%emt 0:00:26] [#]} 21. Rc8+ $146 ({Predecessor:} 21. exf5 gxf5 22. g4 fxg4 23. fxg4 Kf7 24. Kd3 e6 25. Rf1+ Ke8 26. dxe6 Re7 27. Rf5 Rxe6 {½-½ (40) Borgo,G (2444)-Vaulin,A (2492) Paks 1999}) 21... Kf7 22. Kd3 e6 23. Kc4 {[%emt 0:00:40] White is more active.} fxe4 24. fxe4 Re7 25. Bf4 b5+ ({Black should try} 25... Rd7 $1 $14) 26. Kd3 exd5 27. exd5 Re1 28. Rc7+ (28. Bxd6 Rd1+ 29. Ke4 Rd4+ 30. Ke3 Rxd5 31. Rc7+ Kg8 $11) 28... Kg8 29. Rc6 (29. Bxd6 Rd1+ 30. Ke2 Rxd5 $14) 29... Rd1+ 30. Ke2 Rxd5 31. Rxa6 ({But not} 31. Rxd6 $6 Rxd6 32. Bxd6 Kf7 $11) 31... Bf8 (31... b4 $16 {was worth a try.}) 32. Ra5 $1 $18 Kf7 {[%emt 0:09:29] [#]} 33. a4 $1 Ke6 {[%emt 0:00:11] [#]} (33... Be7 $16 {is a better defense.} 34. Rxb5 (34. axb5 Ke6 $16) 34... Rxb5 35. axb5 Ke6) 34. Rxb5 ({Not} 34. axb5 Bg7 $14) ({Only move:} 34. Ra8 $1 $18) 34... Rd4 $2 (34... Rxb5 $16 35. axb5 Be7) 35. Be3 {[%emt 0:00:20] White is clearly winning.} Re4 36. Kd3 d5 37. a5 {[%emt 0:00:19] Weighted Error Value: White=0.09 (flawless) /Black=0.20 (precise)} 1-0

[Event "13th Chennai Open 2022"]
[Site "Chennai"]
[Date "2022.06.26"]
[Round "10.16"]
[White "Girinath, P.D.S."]
[Black "Ashwin Sairam"]
[Result "1-0"]
[ECO "C41"]
[WhiteElo "2361"]
[BlackElo "1670"]
[Annotator "TA"]
[PlyCount "101"]
[EventDate "2022.06.19"]
[EventType "swiss"]
[EventCountry "IND"]
[SourceTitle "playchess.com"]
[Source "ChessBase"]
[SourceQuality "1"]
[TimeControl "5400+30"]

1. e4 d6 2. d4 Nf6 3. Nc3 Nbd7 4. Nf3 e5 5. Rg1 c6 6. g4 {[%emt 0:04:06] C41: Philidor Defence.} h6 7. Be3 {[%emt 0:06:49] 7.h4 is the hot move.} b5 8. a3 {[%emt 0:01:22][%cal Ba2a3,Ba3b4,Bb4b5][%mdl 32] White is slightly better.} a5 (8... Qc7 $11 {keeps the balance.}) 9. d5 $16 {[%emt 0:04:05] [#]} b4 $146 ({Predecessor:} 9... Bb7 10. dxc6 Bxc6 11. Bxb5 Bxb5 12. Nxb5 Nxe4 13. Qd5 Rb8 14. Ba7 Nef6 15. Nxd6+ Bxd6 16. Qxd6 Rxb2 {1-0 (70) Domene Mulyukov,A (1967)-Munoz Valles,J (1750) Salobrena 2021}) 10. axb4 {[%emt 0:02:48] White is more active.} (10. dxc6 bxc3 11. cxd7+ Bxd7 12. bxc3 Nxe4 $17) 10... Bb7 11. dxc6 Bxc6 12. b5 $36 {[%emt 0:00:10][%mdl 2048] Keeping Black busy.} Bb7 13. Nd2 Nc5 (13... d5 $142) 14. Bxc5 $18 dxc5 15. Bc4 Be7 16. Qe2 Nh7 17. Bd5 Bxd5 18. Nxd5 (18. exd5 O-O 19. Nc4 (19. Qxe5 Bf6 $16) 19... Bg5 $18) 18... O-O 19. Nc4 {[%emt 0:00:00] Pair of Knights!} Bg5 20. Rd1 (20. Nxe5 Qd6 $18) 20... Qb8 21. b6 Ra6 22. Rg3 a4 23. Ra3 Nf6 24. Nxf6+ Bxf6 25. b3 Bd8 26. Rxa4 (26. bxa4 $6 Bxb6 27. Kf1 Bc7 $16) 26... Rxa4 27. bxa4 Bxb6 28. Kf1 {[%emt 0:00:20] [#] And now Rb1 would win.} Bc7 29. Ne3 Qa8 30. Qc4 Rb8 $2 (30... g6 31. Rd7 (31. Qxc5 Bd8 $16) 31... Bd8) 31. Rd7 Rb1+ 32. Ke2 Qe8 33. Rxc7 Rb4 34. Qd5 Rd4 35. Qc6 Qxc6 36. Rxc6 Rxa4 {[%emt 0:00:03][%mdl 4096] Endgame KRN-KR} 37. c4 Ra5 38. h4 g6 39. g5 hxg5 40. hxg5 (40. Rc8+ $142 Kg7 41. hxg5 Ra3 42. Rxc5 Ra2+ 43. Kf3 Ra6 44. Rxe5 f6 45. Rb5) 40... Kg7 41. Rc8 Ra2+ 42. Kf1 Ra5 43. Kg2 (43. Ng4 $142 Ra2 44. Kg2 Re2 45. Kf3 (45. Nf6 Rxf2+ 46. Kg3 Rf3+ 47. Kh4 Rh3+ 48. Kxh3 $11) 45... Ra2 46. Nxe5 Ra7 47. Kf4 f6 48. gxf6+ Kxf6 49. Rc6+ Ke7 50. Nxg6+ Kd7 51. Ne5+ Ke7 52. Kf5) 43... Kh7 44. Nd5 {[%emt 0:00:21] White mates.} Kg7 45. Nf6 Ra8 46. Ne8+ Kf8 47. Rxa8 Ke7 48. Nc7 f6 49. Nd5+ Kf7 50. Ra7+ Ke6 51. gxf6 {[%emt 0:00:20] Black got outplayed after the opening.  Weighted Error Value: White=0.10 (very precise) /Black=0.79} 1-0

[Event "13th Chennai Open 2022"]
[Site "Chennai"]
[Date "2022.06.26"]
[Round "10.17"]
[White "Liyanage, Pesandu Rashmitha"]
[Black "Abdyjapar, Asyl"]
[Result "0-1"]
[ECO "D03"]
[WhiteElo "1730"]
[BlackElo "2346"]
[Annotator "TA"]
[PlyCount "88"]
[EventDate "2022.06.19"]
[EventType "swiss"]
[EventCountry "IND"]
[SourceTitle "playchess.com"]
[Source "ChessBase"]
[SourceQuality "1"]
[TimeControl "5400+30"]

1. d4 Nf6 2. Nf3 d5 3. Bg5 c5 4. e3 Nc6 5. Nbd2 e6 6. c3 Bd6 7. Bd3 h6 {[%emt 0:00:09] is the new trend.} 8. Bh4 O-O 9. O-O e5 {[%emt 0:00:18] D03: 1 d4 d5 2 Nf3 Nf6 3 Bg5, including Torre Attack with early ...d5.} 10. dxe5 (10. e4 $5 g5 11. dxc5 Bxc5 12. Bg3 $11) 10... Nxe5 11. Nxe5 Bxe5 {[%emt 0:00:04] White has an edge.} 12. f4 {[%emt 0:00:12] was the old line (12.Nf3).} Bd6 13. e4 c4 {[%emt 0:00:35] [#]} 14. Bc2 $146 ({Predecessor:} 14. Be2 Qb6+ 15. Bf2 Bc5 16. e5 Ne4 17. Nxe4 dxe4 18. Bxc5 Qxc5+ 19. Qd4 Qxd4+ 20. cxd4 {1-0 (40) Morozevich,A (2788)-Alekseev,E (2708) Moscow 2008}) 14... Qb6+ 15. Kh1 $132 {[%emt 0:09:31][%mdl 2048] Strongly threatening Bxf6. White has counterplay} Ng4 (15... Qxb2 $2 16. Bxf6 gxf6 17. exd5 $18) (15... Bg4 $11 16. Qb1 Nxe4 17. Bxe4 dxe4 18. Nxc4 Qc5 19. Nxd6 (19. Qxe4 Bf5 $11) 19... Qxd6) 16. Qe2 $2 (16. exd5 $16 Ne3 17. Nxc4 $1 (17. Bf2 Nxd1 18. Bxb6 Nxc3 $14) 17... Nxd1 18. Nxb6) 16... Qe3 ({Much weaker is} 16... Qxb2 17. Rac1 Bc5 18. exd5 $11) 17. Rae1 Bxf4 18. Rxf4 Qxf4 $17 19. Bg3 Qg5 20. Nf3 Qh5 21. e5 Re8 (21... f5 $17 {Threatens to win with ...Be6.} 22. Qd2 Qf7) 22. Qd1 $11 f5 23. Kg1 Qf7 {[%emt 0:03:01] And now ...f4 would win.} 24. Qb1 (24. Bf4 $11 {keeps the balance.}) 24... f4 (24... Qf8 $142 25. Ba4 f4 26. Bxf4 Qxf4 $1 27. Bxe8 Bf5) 25. Bg6 $17 {[%emt 0:02:02] [#]} Qf8 26. Bxe8 (26. Bf2 $17) 26... fxg3 $19 {[%emt 0:01:04] The board is on fire.} 27. Bg6 gxh2+ 28. Kh1 Qf4 (28... Nf2+ $19 29. Kxh2 Qf4+ 30. Kg1 {[#]} Nh3+ $1 31. Kh1 Be6) 29. Qc2 $2 {[%emt 0:00:57] This costs White the game.} (29. Re2 $17) 29... Be6 {[%emt 0:00:35] ...Qg3 is the strong threat.} 30. Bh5 Rf8 {[%emt 0:03:30] Hoping for ...Qg3.} 31. Qe2 Qg3 32. Bxg4 Bxg4 (32... Qxg4 33. Qe3 $17) 33. e6 Re8 ({Weaker is} 33... Rxf3 34. e7 Bh5 35. e8=Q+ Bxe8 36. gxf3 $15) 34. e7 Bxf3 35. gxf3 $17 {[%emt 0:06:29][%mdl 4096] Endgame KQR-KQR} (35. Qe6+ $17 Kh8 36. gxf3) 35... Qd6 $19 36. f4 b5 37. a3 (37. Qh5 $17 Rxe7 38. Rxe7 Qxe7 39. Qxd5+ Qf7 40. Qe5) 37... a6 ({Worse is} 37... Qxf4 38. Qe6+ Qf7 39. Qe5) 38. Qh5 $2 (38. f5 {was called for.}) 38... Rxe7 39. Rxe7 Qxe7 40. Qxd5+ {[%emt 0:00:04] KQ-KQ} Kh7 41. f5 (41. Qf5+ g6 42. Qc8) 41... Qh4 42. Qf3 {[%emt 0:00:59] Prevents Qf2.} h5 {[%emt 0:00:34] ( -> ...Qg4)} 43. Qf1 (43. Qe3 $19 Qg4 44. Kxh2) 43... Qg3 44. Qd1 Qg1+ $2 {[%emt 0:00:09] Weighted Error Value: White=0.59/Black=0.22 (precise)} (44... Kh6 {mates} 45. Qd2+ Kh7 46. Qd4 Qg1+ 47. Qxg1 hxg1=Q+ 48. Kxg1 Kh6 49. f6 gxf6 50. Kh1 h4 51. a4 bxa4 52. Kg2 Kg5 53. Kf3 f5 54. Kf2 Kg4 55. Ke3 h3 56. Kd4 f4 57. Kxc4 f3 58. Kd4 f2 59. Ke5 f1=Q 60. Kd6 h2 61. Kc5 h1=Q 62. c4 Qf6 63. Kb4 Qb6+ 64. Kc3 Qc1+ 65. Kd3 Qbe3#) 0-1

[Event "13th Chennai Open 2022"]
[Site "Chennai"]
[Date "2022.06.26"]
[Round "10.18"]
[White "Adireddy Arjun"]
[Black "Haribalu, V.."]
[Result "1-0"]
[ECO "B40"]
[WhiteElo "1898"]
[BlackElo "2233"]
[Annotator "RC"]
[PlyCount "73"]
[EventDate "2022.06.19"]
[EventType "swiss"]
[EventCountry "IND"]
[SourceTitle "playchess.com"]
[Source "ChessBase"]
[SourceQuality "1"]
[TimeControl "5400+30"]

1. e4 c5 2. Nf3 e6 3. d4 cxd4 4. Nxd4 Nf6 5. Bd3 Nc6 6. Nxc6 dxc6 7. O-O e5 8. Nd2 Bc5 9. Nc4 Ng4 10. h3 b5 11. hxg4 bxc4 12. Bxc4 Qxd1 13. Rxd1 Bxg4 14. Rd3 Rd8 15. Kf1 Rxd3 16. Bxd3 Ke7 17. f3 Be6 18. Ke2 h5 19. Bd2 f6 20. b4 Bd6 21. c4 Rb8 22. c5 Bc7 23. a4 Rd8 24. b5 Bc8 25. Rb1 g6 26. b6 Bb8 27. a5 h4 28. a6 Rd4 29. Ra1 g5 30. Ba5 g4 31. bxa7 Bxa7 32. Bb6 Rd7 33. fxg4 Kf8 34. Ke3 Kg7 35. Bc4 Re7 36. Rd1 Bxg4 37. Rd8 1-0